 Dungeon Crawl Stone Soup version 0.32-a0-918-g0f22ef8d61 (webtiles) character file.

Game seed: 2787109994707970915

206 ezpacito the Chopper (level 5, -2/41 HPs)
             Began as a Coglin Chaos Knight on Apr 12, 2024.
             Was a Plaything of Xom.
             Slain by Edmund
             ... wielding a +2 dire flail of protection
              (9 damage)
             ... on level 5 of the Dungeon.
             The game lasted 00:03:23 (2537 turns).

ezpacito the Chopper (Coglin Chaos Knight)          Turns: 2537, Time: 00:03:23

Health: -2/41      AC:  5    Str: 14    XL:     5   Next: 84%
Magic:  5/5        EV: 11    Int: 14    God:    Xom [.*....]
Gold:   157        SH:  0    Dex: 14    Spells: 5/5 levels left

rFire   . . .        a - +0 hand axe (chaos) {Edeltraud}
rCold   . . .        p - +0 mace of Gallantry {spect, rElec rPois Int+3}
rNeg    . . .        b - +2 leather armour
rPois   +            (no helmet)
rElec   +            (no cloak)
rCorr   .            (no gloves)
SInv    .            (no boots)
Will    .....        (amulet unavailable)
Stlth   +            (ring unavailable)
HPRegen 0.26/turn    (ring unavailable)
MPRegen 0.09/turn    (no gizmo)

%: no passive effects
@: revved
A: off-hand wielding, slow wielding, warmup strikes, no jewellery
a: Invent Gizmo, Renounce Religion


You were on level 5 of the Dungeon.
You worshipped Xom.
You were a plaything of Xom.
You visited 2 branches of the dungeon, and saw 6 of its levels.

You collected 157 gold pieces.

Inventory:

Hand Weapons
 a - a +0 hand axe of chaos (weapon) {Edeltraud}
 f - a +0 spear
 h - a +1 dagger of venom {Hwan}
 p - the +0 mace of Gallantry (offhand) {spect, rElec rPois Int+3}
   (You found it on level 3 of the Dungeon)

   Int+3:     It affects your intelligence (+3).
   rElec:     It insulates you from electricity.
   rPois:     It protects you from poison.
Missiles
 c - 4 poisoned darts
 d - 4 javelins (quivered)
Armour
 b - a +2 leather armour (worn)
 i - a +0 plate armour
Talismans
 q - a granite talisman
Wands
 e - a wand of polymorph (9)
 o - a wand of flame (18)
Scrolls
 g - 2 scrolls of noise {unknown}
 j - a scroll of identify {unknown}
 k - a scroll of immolation {unknown}
 m - a scroll of torment {unknown}
 r - 2 scrolls of revelation {unknown}
 t - 2 scrolls of teleportation
 v - a scroll of amnesia {unknown}
 x - a scroll of acquirement {unknown}
 y - a scroll of blinking {unknown}
Potions
 l - a potion of heal wounds
 n - 2 potions of curing {unknown}
 s - 2 potions of brilliance {unknown}
 u - a potion of berserk rage {unknown}
 w - a potion of mutation {unknown}


   Skills:
 * Level 3.5 Fighting
 * Level 3.7(4.0) Axes
 * Level 1.8(2.9) Polearms
 + Level 1.0 Throwing
 * Level 2.6 Armour
 * Level 1.8 Dodging
 + Level 0.9 Stealth
 + Level 0.6 Spellcasting
 + Level 1.0 Evocations
 + Level 0.1 Shapeshifting


You had 5 spell levels left.
You didn't know any spells.
Your spell library contained the following spells:

 Spells                   Type           Power      Damage    Failure   Level
 Dazzling Flash           Conj/Hex       0%         N/A       71%         3
 Frozen Ramparts          Ice            0%         1d1       71%         3
 Ozocubu's Armour         Ice            0%         N/A       71%         3
 Cause Fear               Hex            0%         N/A       98%         4
 Fireball                 Conj/Fire      0%         3d3       100%        5
 Metabolic Englaciation   Hex/Ice        0%         N/A       100%        5
 Starburst                Conj/Fire      0%         6d3       100%        6
 Maxwell's Capacitive Co  Air            0%         ∞         100%        8
 Dragon's Call            Summ           0%         N/A       100%        9


Dungeon Overview and Level Annotations

Branches:
Dungeon (5/15)             Temple (1/1) D:4

Altars:
Ashenzari
Cheibriados
Elyvilon
Fedhas
Hepliaklqana
Kikubaaqudgha
Makhleb
Okawaru
Qazlal
Ru
Vehumet
Wu Jian
Yredelemnul
The Shining One

Shops:
D:3 (

Annotations:
D:5 Edmund


Innate Abilities, Weirdness & Mutations

You can wield a second weapon in your off-hand.
It takes a long time for you to wield or remove held weapons.
Your first few attacks do less damage.
You cannot equip rings or amulets.


Message History

Edmund hits you with a +2 dire flail of protection!
You emit a cloud of colourful smoke!
You take 7 damage, and have 34/41 hp.
You hit Edmund but do no damage.
Edmund is moderately wounded.
You closely miss Edmund with your +0 hand axe of chaos.
Your +0 mace of Gallantry {spect, rElec rPois Int+3} hits Edmund but does no damage.
Edmund closely misses you.
You barely miss Edmund with your +0 hand axe of chaos.
Edmund is moderately wounded.
You hit Edmund but do no damage.
Your +0 mace of Gallantry {spect, rElec rPois Int+3} hits Edmund.
You barely miss Edmund with the +0 mace of Gallantry.
Edmund is moderately wounded.
You barely miss Edmund with your +0 hand axe of chaos.
Your +0 mace of Gallantry {spect, rElec rPois Int+3} hits Edmund but does no damage.
Edmund hits you with a +2 dire flail of protection!
You take 14 damage, and have 21/41 hp.
MASSIVE DAMAGE!!
You are too injured to fight recklessly!
Okay, then.
Aiming: Throw Flame
Press: ? - help, Shift-Dir - straight line, f - Edmund
Aim: Edmund, wielding a +2 dire flail of protection and wearing a +0 chain mail (magical condensation, moderately wounded, strong, slow, lightly drained, 77% to hit)
Okay, then.
Aiming: Polymorph
Press: ? - help, Shift-Dir - straight line, f - Edmund
Aim: Edmund, wielding a +2 dire flail of protection and wearing a +0 chain mail (magical condensation, moderately wounded, strong, slow, lightly drained, will become a scorpion, a basilisk, or an adder, chance to affect: 55%) Edmund resists with significant effort.
Your +0 mace of Gallantry {spect, rElec rPois Int+3} disappears.
Edmund hits you with a +2 dire flail of protection!
* * * LOW HITPOINT WARNING * * *
You take 15 damage, and have 6/41 hp.
MASSIVE DAMAGE!!
Aiming: Polymorph
Press: ? - help, Shift-Dir - straight line, f/p - Edmund
Aim: Edmund, wielding a +2 dire flail of protection and wearing a +0 chain mail (magical condensation, moderately wounded, strong, slow, lightly drained, will become a scorpion, a basilisk, or an adder, chance to affect: 55%) Edmund resists with significant effort.
Edmund hits you with a +2 dire flail of protection!
You die...
Edmund whines, "They better pay attention to me now!"
Xom chortles!

###.#..........
?.#.....>......
..............
#............
#............
#...........#
#...§@§.....#
#...§@.>....#
#.....§.....#
##......#...#
....#..## #..
#.....[..# .
#####.##.# . .#
. .#


You could see Edmund (strong, slow, drained).

Vanquished Creatures
  A bombardier beetle (D:3)
  A sleepcap (D:4)
  2 gnolls (D:3)
  7 adders
  5 dart slugs
  2 orcs (D:4)
  3 endoplasms
  5 goblins
  6 hobgoblins
  A jackal (D:4)
  A quokka (D:4)
  11 ball pythons
  2 bats
  2 frilled lizards
  4 kobolds
  3 rats
56 creatures vanquished.

Vanquished Creatures (collateral kills)
  A frilled lizard (D:2)
  A rat (D:2)
2 creatures vanquished.

Grand Total: 58 creatures vanquished

Notes
Turn   | Place    | Note
-------+----------+-------------------------------------------
     0 | D:1      | ezpacito the Coglin Chaos Knight began the quest for the
                  | Orb.
     0 | D:1      | Reached XP level 1. HP: 18/18 MP: 1/1
    90 | D:1      | XOM: divination: magic mapping
   270 | D:1      | XOM: silly message
   287 | D:1      | Reached skill level 1 in Dodging
   287 | D:1      | Reached XP level 2. HP: 21/24 MP: 2/2
   710 | D:1      | XOM: silly message
   745 | D:2      | Reached skill level 1 in Polearms
   745 | D:2      | Reached XP level 3. HP: 28/29 MP: 3/3
  1144 | D:2      | XOM: silly message
  1346 | D:2      | Reached XP level 4. HP: 30/35 MP: 4/4
  1494 | D:3      | Identified the +0 mace of Gallantry {spect, rElec rPois
                  | Int+3}
  1543 | D:3      | Reached XP level 5. HP: 41/41 MP: 5/5
  1597 | D:3      | Reached skill level 1 in Throwing
  1686 | D:3      | Found a faded altar of an unknown god.
  1865 | D:3      | Found Atwos's Antique Weapon Emporium.
  1917 | D:3      | XOM: polymorph quokka -> hobgoblin
  2082 | D:4      | Found a staircase to the Ecumenical Temple.
  2147 | Temple   | Entered the Ecumenical Temple
  2266 | D:4      | Reached skill level 1 in Evocations
  2338 | D:4      | XOM: summons 4 hostile shadow creatures
  2339 | D:4      | Noticed a phantom
  2528 | D:5      | Entered Level 5 of the Dungeon
  2528 | D:5      | Noticed Edmund
  2532 | D:5      | XOM: smoke on damage
  2537 | D:5      | Slain by Edmund

Illustrated notes

Levels and vault maps discovered:
D:1:      minmay_arrival_nine_rooms, layout_loops_ring
D:2:      layout_loops_cross, minmay_shallow_snake_nest
D:3:      cheibrodos_old_hovel, layout_rooms, serial_shops, shop,
          shapermc_ecumenical_altar_starsandcircs, minmay_misc_feat_roman
D:4:      layout_gridville, temple_statues, st_stairs_2, grunt_ministairs_14,
          kennysheep_generic_room_3
D:5:      layout_rooms, mainiacjoe_overflow_surrounded_room,
          eat_drink_and_be_merry_uskayaw, grunt_ministairs_10, chequers_avenue,
          uniq_edmund, uniq_blork_the_orc
Temple:   nicolae_temple_superstar

Skill      XL: |  1  2  3  4  5 |
---------------+----------------+-----
Dodging        | 1 |  1.8
Armour         | 2 |  2.6
Polearms       | 1 |  1.8
Throwing       | 1 |  1.0
Evocations     | 1 |  1.0
Fighting       | |  3.5
Axes           | |  3.7
Stealth        | |  0.9
Spellcasting   | |  0.6
Shapeshifting  | |  0.1

Action                     |  1- 3 |  4- 6 || total
---------------------------+-------+-------++-------
  Melee: Hand axe          |    41 |    57 ||    98
         Dagger            |    39 |     8 ||    47
         Mace              |       |    51 ||    51
  Evoke: Wand              |       |     2 ||     2
    Use: Scroll            |       |     4 ||     4
         Potion            |       |     1 ||     1
   Stab: Sleeping          |     1 |     1 ||     2
         Distracted        |       |     2 ||     2
 Armour: Leather armour    |    20 |    44 ||    64
  Dodge: Dodged            |    19 |    31 ||    50

Table legend: (Time is in decaauts)
 A = Elapsed time spent in this place.
 B = Non-inter-level travel time spent in this place.
 C = Inter-level travel time spent in this place.
 D = Time resting spent in this place.
 E = Time spent auto-exploring this place.
 F = Levels seen in this place.
 G = Mean time per level.
                   A        B        C        D        E       F      G
               +--------+--------+--------+--------+--------+-----+--------+
         Total |   2550 |   2359 |    191 |      0 |   1938 |   6 |  425.0 |
       Dungeon |   2548 |   2357 |    191 |      0 |   1938 |   5 |  509.6 |
        Temple |      1 |      1 |      0 |      0 |      0 |   1 |    1.0 |
               +--------+--------+--------+--------+--------+-----+--------+

Top non-repeatable levels by time:
     D:1: 738 daAuts
     D:2: 727 daAuts
     D:3: 598 daAuts
     D:4: 474 daAuts
     D:5: 10 daAuts
  Temple: 1 daAuts
